Map: Backwater LE

Players

Riscky - Winner!

  • Race: Zerg Zerg
  • League: Diamond
  • Spawn Location: 5:00

ThugWizard

  • Race: Terran Terran
  • League: Diamond
  • Spawn Location: 11:00

VOD

Have the link to the VOD?

Description

Time

  • Played on: March 15, 2018, 2:54 p.m.
  • Length: 16:25
Show
View Real Time Build Order
Export as new Build Order

Riscky Zerg - Winner!

Build Orders: Pool First, Muta Ling Bane, Ravager Aggression 

Get SALT Encoding   

  12  0:00  Drone  
  13  0:12  Overlord  
  13  0:16  Drone  
  14  0:32  Drone x2  
  14  0:33  Extractor  
  15  0:42  Drone  
  16  0:49  Spawning Pool  
  15  0:56  Drone  
  15  0:57  Drone  
  17  1:06  Drone  
  18  1:17  Overlord  
  18  1:39  Roach Warren  
  17  1:40  Queen  
  17  1:41  Drone x2  
  21  1:49  Overlord  
  21  2:19  Roach  
  21  2:20  Roach  
  21  2:22  Roach  
  27  2:25  Hatchery  
  26  2:32  Drone  
  27  2:41  Ravager x2  
  29  2:47  Ravager  
  30  2:51  Drone  
  30  2:52  Drone x3  
  34  2:59  Overlord  
  34  3:09  Queen  
  34  3:10  Drone  
  37  3:20  Drone  
  38  3:43  Drone x4  
  39  3:54  Queen  
  41  3:56  Roach x3  
  41  3:57  Roach  
  41  3:59  Drone x2  
  41  4:00  Metabolic Boost  
  51  4:11  Drone  
  51  4:14  Overlord  
  52  4:25  Hatchery  
  51  4:40  Drone x9  
  60  4:46  Lair  
  60  4:50  Extractor  
  60  4:51  Extractor, Drone  
  60  4:52  Drone  
  60  4:57  Overlord  
  60  5:13  Overlord x2  
  61  5:21  Drone x4  
  64  5:36  Evolution Chamber x2, Overlord x2  
  64  5:37  Baneling Nest, Drone x9  
  70  5:46  Overseer  
  70  5:48  Drone  
  71  5:52  Roach  
  71  5:53  Roach, Extractor  
  71  5:56  Zergling x2  
  75  6:03  Zerg Melee Weapons Level 1, Zerg Ground Armor Level 1  
  75  6:06  Infestation Pit  
  75  6:07  Drone x3  
  75  6:10  Extractor, Drone  
  75  6:11  Extractor, Drone  
  76  6:12  Drone  
  76  6:14  Zergling x2  
  76  6:17  Drone  
  80  6:34  Spore Crawler  
  80  6:35  Spore Crawler  
  80  6:38  Spire, Drone x2  
  80  6:39  Drone  
  81  6:40  Drone x3  
  81  6:41  Drone x2  
  81  6:42  Overlord x2  
  81  6:45  Drone  
  86  6:52  Pneumatized Carapace  
  86  6:56  Ravager x2  
  88  7:04  Hydralisk Den  
  88  7:08  Drone x3  
  89  7:09  Overlord x3  
  89  7:14  Drone x3  
  89  7:15  Drone  
  94  7:17  Drone  
  94  7:18  Drone  
  94  7:19  Hatchery  
  95  7:22  Baneling  
  95  7:23  Baneling  
  95  7:28  Centrifical Hooks  
  95  7:29  Zergling x2  
  96  7:30  Zergling x8  
  96  7:31  Zergling x2  
  96  7:36  Baneling x2  
  101  8:05  Baneling x12  
  101  8:15  Muscular Augments  
  101  8:16  Hydralisk x3  
  101  8:17  Hydralisk x6  
  119  8:25  Zerg Missile Weapons Level 1  
  119  8:33  Hive, Overlord x2  
  119  8:37  Drone  
  119  8:38  Extractor, Drone x2  
  119  8:39  Extractor  
  119  8:41  Overlord x2, Drone x3  
  123  8:42  Overlord  
  123  8:44  Hydralisk x4  
  123  8:45  Hydralisk  
  133  9:16  Mutalisk x5  
  143  9:27  Grooved Spines  
  143  9:28  Ravager x4  
  147  9:43  Mutalisk x3  
  153  9:46  Overlord  
  153  9:48  Queen  
  153  9:49  Queen x2  
  159  10:12  Hydralisk x7  
  159  10:13  Hydralisk x7  
  183  10:23  Overlord x3  
  183  10:35  Queen x3  
  183  10:36  Queen, Hatchery  
  190  10:47  Hydralisk  
  190  10:48  Hydralisk x4  
  200  11:07  Zerg Missile Weapons Level 2  
  200  11:08  Zerg Ground Armor Level 2  
  200  11:09  Spore Crawler  
  200  11:10  Spore Crawler  
  200  11:11  Zerg Flyer Armor Level 1, Spore Crawler  
  198  11:12  Spore Crawler  
  196  11:29  Drone x4  
  200  11:59  Spore Crawler  
  199  12:01  Spore Crawler x2  
  199  12:02  Spore Crawler x2  
  199  12:03  Spore Crawler x2  
  199  12:04  Spore Crawler x2  
  199  12:06  Spore Crawler  
  188  12:33  Viper x4  
  177  13:08  Drone  
  177  13:09  Drone x4  
  177  13:10  Drone  
  183  13:16  Hydralisk x7  
  183  13:17  Extractor, Hydralisk x2  
  183  13:18  Extractor  
  196  14:21  Hatchery  
  196  14:23  Hatchery  
  196  14:24  Hatchery  
  93  14:39  Hydralisk x21  
  93  14:40  Hydralisk x12  
  133  15:39  Roach x5  
  133  15:40  Roach x11  
Show
View Real Time Build Order
Export as new Build Order

ThugWizard Terran 

Build Orders: Command Center First (CC) 

Get SALT Encoding   

  12  0:01  SCV  
  13  0:13  SCV  
  14  0:19  Supply Depot  
  14  0:25  SCV  
  15  0:41  SCV  
  16  0:53  SCV  
  17  1:05  Command Center  
  17  1:08  SCV  
  18  1:21  Barracks  
  18  1:24  SCV  
  19  1:37  SCV  
  20  1:43  Barracks  
  20  1:48  Refinery  
  20  1:53  SCV  
  21  1:54  Refinery  
  21  2:10  Bunker  
  21  2:16  Bunker  
  21  2:20  Marine  
  22  2:25  Orbital Command  
  22  2:30  Marine  
  23  2:38  Marine  
  24  2:47  Factory  
  24  2:57  Marine  
  24  2:58  Marine  
  26  3:08  SCV  
  26  3:10  Orbital Command  
  27  3:19  Supply Depot  
  27  3:20  Marine  
  28  3:38  Factory Tech Lab  
  27  3:51  Marine  
  27  3:52  SCV  
  27  3:53  SCV  
  30  4:00  Siege Tank  
  33  4:06  Bunker  
  33  4:10  Starport  
  33  4:15  Starport  
  32  4:48  Starport Tech Lab  
  32  4:52  Starport Tech Lab  
  32  4:58  Fusion Core  
  32  5:03  SCV  
  32  5:04  Refinery, SCV  
  32  5:05  Refinery  
  34  5:09  Command Center  
  34  5:16  Bunker  
  34  5:17  Siege Tank  
  37  5:22  SCV  
  37  5:24  SCV  
  39  5:35  Marine x2  
  41  5:45  SCV x2  
  41  5:49  Supply Depot  
  43  6:08  Supply Depot  
  49  6:11  Battlecruiser  
  49  6:21  Battlecruiser  
  55  6:29  Orbital Command  
  55  6:31  Supply Depot  
  55  6:37  Weapon Refit  
  55  6:40  SCV x2  
  55  6:44  Marine  
  55  6:45  Marine  
  59  6:52  SCV x2  
  61  7:04  SCV  
  61  7:08  SCV x2  
  70  7:15  Battlecruiser  
  70  7:21  Armory  
  70  7:28  Battlecruiser  
  75  7:38  SCV  
  75  7:42  SCV  
  77  7:46  Siege Tank  
  77  7:47  Marine x2  
  77  7:50  SCV x2  
  84  8:05  Marine  
  84  8:07  Command Center  
  84  8:20  SCV  
  84  8:26  Terran Ship Weapons Level 1  
  85  8:28  Battlecruiser  
  85  8:31  SCV x2  
  85  8:32  Engineering Bay  
  93  8:53  Siege Tank, SCV, Supply Depot  
  97  9:02  Missile Turret  
  97  9:09  SCV x3  
  100  9:15  Battlecruiser  
  106  9:28  Orbital Command  
  106  9:35  Battlecruiser  
  112  9:44  Siege Tank  
  115  9:46  Refinery  
  115  9:49  Refinery  
  115  9:57  Missile Turret, SCV  
  116  10:06  Command Center  
  116  10:07  Armory  
  116  10:17  Siege Tank  
  119  10:21  Missile Turret  
  119  10:25  Terran Ship Weapons Level 2  
  119  10:45  Orbital Command  
  119  10:53  Refinery  
  119  10:56  Terran Vehicle And Ship Armor Level 1, Sensor Tower  
  119  10:57  Refinery  
  119  11:03  Missile Turret  
  119  11:12  SCV x2  
  119  11:17  Battlecruiser  
  127  11:19  Missile Turret  
  127  11:22  Orbital Command  
  127  11:26  Battlecruiser  
  127  11:27  Command Center  
  127  11:28  Command Center  
  133  11:45  Marine x2  
  133  11:46  Bunker  
  135  11:55  SCV x3  
  135  11:58  Bunker  
  138  12:02  Marine  
  138  12:11  Bunker  
  138  12:12  Marine  
  139  12:33  Bunker  
  139  12:39  Siege Tank  
  142  12:56  Battlecruiser x2  
  142  12:57  Terran Ship Weapons Level 3  
  154  13:04  Marine  
  155  13:11  Siege Tank  
  158  13:13  Missile Turret  
  113  13:20  Orbital Command  
  158  13:21  Orbital Command  
  158  13:22  Marine  
  159  13:32  Starport  
  159  13:33  Terran Vehicle And Ship Armor Level 2  
  159  13:40  Marine  
  160  13:42  Bunker  
  160  13:43  Siege Tank  
  163  14:00  Command Center  
  163  14:15  Siege Tank  
  95  15:25  Starport Tech Lab  
  101  15:31  Supply Depot  
Tags
 
Add a new tag
Caveats
  • Supply blocks, unpowered buildings, or Contaminate may cause inaccurate times.
  • Supply counts are checked every 10 seconds.